Map: Blackpink LE

Players

IIIIIIIIIIII

  • Race: Terran Terran
  • League: Grandmaster
  • Spawn Location: 1:00

meeK - Winner!

  • Race: Protoss Protoss
  • League: Grandmaster
  • Spawn Location: 7:00

VOD

Have the link to the VOD?

Description

Time

  • Played on: March 24, 2018, 3:16 p.m.
  • Length: 9:30
Show
View Real Time Build Order
Export as new Build Order

IIIIIIIIIIII Terran 

Build Orders: Command Center First (CC), MMM Bio 

Get SALT Encoding   

  12  0:01  SCV  
  13  0:13  SCV  
  14  0:17  Supply Depot  
  14  0:25  SCV  
  15  0:39  SCV  
  16  0:51  SCV  
  17  0:59  Command Center  
  17  1:03  SCV  
  18  1:14  Barracks  
  18  1:15  SCV  
  19  1:27  SCV  
  19  1:30  Barracks  
  20  1:39  SCV  
  21  1:43  Barracks  
  21  1:51  SCV  
  22  2:01  Marine  
  22  2:03  Orbital Command  
  23  2:10  Orbital Command  
  23  2:17  Marine  
  23  2:19  Marine  
  25  2:26  Refinery  
  25  2:27  Refinery  
  25  2:29  SCV  
  26  2:31  Marine  
  27  2:37  Marine x2  
  27  2:49  SCV, Marine  
  27  2:50  SCV  
  28  2:53  Supply Depot  
  28  2:55  Marine x2  
  28  3:02  SCV  
  29  3:07  Bunker, Marine  
  29  3:12  SCV  
  29  3:13  Marine x2  
  29  3:24  SCV  
  29  3:27  SCV  
  29  3:29  Marine  
  29  3:31  Marine  
  29  3:42  Marine  
  29  3:47  Marine  
  28  3:53  Marine  
  25  3:58  SCV x2  
  25  4:00  Marine  
  25  4:01  Factory  
  25  4:10  SCV x2  
  25  4:22  SCV x2  
  27  4:27  Marine  
  27  4:28  Marine x2  
  28  4:34  SCV  
  28  4:35  SCV  
  27  4:45  Marine x2  
  27  4:46  SCV  
  27  4:47  SCV  
  26  5:03  Marine x2  
  26  5:04  Cyclone  
  30  5:07  Starport, SCV, Marine  
  30  5:12  SCV  
  33  5:16  Bunker  
  24  5:35  SCV  
  24  5:37  Marine  
  24  5:40  SCV  
  29  5:47  Barracks Tech Lab x2  
  29  5:48  SCV, Medivac  
  29  5:49  Widow Mine  
  32  5:52  SCV  
  32  5:56  Marine  
  34  6:00  SCV  
  34  6:02  Supply Depot  
  35  6:04  SCV  
  35  6:06  Stimpack, Combat Shields  
  36  6:12  SCV  
  36  6:18  SCV  
  37  6:29  SCV  
  37  6:30  Marauder x2  
  42  6:34  SCV  
  42  6:36  Marine, Starport Reactor  
  42  6:37  Factory Tech Lab  
  44  6:42  SCV  
  44  6:47  SCV, Supply Depot  
  46  6:52  Marauder x2  
  50  6:54  SCV  
  50  6:58  Barracks Reactor  
  50  6:59  SCV  
  52  7:05  Siege Tank  
  53  7:10  SCV  
  53  7:13  SCV  
  54  7:21  Marine  
  53  7:25  SCV  
  53  7:26  SCV  
  55  7:32  Engineering Bay  
  55  7:35  Marine x2  
  57  7:38  Marine  
  58  7:44  SCV  
  58  7:45  SCV  
  58  7:48  Supply Depot  
  58  7:50  Marine  
  61  7:54  Medivac  
  55  8:00  Marine x2  
  44  8:10  Marine, Marauder  
  33  8:14  SCV  
  33  8:18  Marine x2  
  36  8:26  SCV  
  37  8:27  Marine  
  37  8:32  Marine  
  39  8:36  Marine  
  39  8:39  SCV  
  40  8:46  Marine x2  
  35  8:51  SCV  
  34  8:59  Marine x2  
  33  9:06  SCV  
Show
View Real Time Build Order
Export as new Build Order

meeK Protoss - Winner!

Build Orders:  

Get SALT Encoding   

  12  0:01  Probe  
  13  0:16  Probe  
  13  0:18  Pylon  
  15  0:28  Probe  
  15  0:37  Gateway  
  15  0:44  Assimilator  
  15  0:45  Probe  
  16  0:54  Pylon  
  17  0:57  Probe  
  17  1:12  Gateway  
  17  1:17  Gateway  
  17  1:27  Cybernetics Core  
  17  1:31  Probe  
  18  1:37  Assimilator  
  18  1:43  Probe  
  19  1:55  Probe  
  20  2:04  Stalker (Chrono Boost)  
  20  2:07  Probe  
  20  2:08  Stalker (Chrono Boost)  
  25  2:19  Stalker (Chrono Boost), Probe  
  28  2:24  Pylon  
  28  2:32  Stalker  
  30  2:48  Stalker x2  
  32  3:02  Stalker  
  32  3:05  Pylon  
  32  3:18  Stalker  
  34  3:43  Stalker x2  
  34  3:47  Stalker  
  34  4:13  Stalker x2, Warp Gate (Chrono Boost)  
  34  4:17  Stalker, Probe  
  33  4:43  Stalker x2  
  37  4:47  Stalker, Pylon  
  37  5:09  Stargate  
  37  5:15  Nexus  
  31  5:40  Probe  
  32  5:53  Oracle  
  35  5:58  Adept x3  
  35  6:01  Probe  
  40  6:28  Oracle (Chrono Boost)  
  39  6:36  Gateway x2  
  39  6:38  Probe (Chrono Boost)  
  41  6:40  Stalker, Probe (Chrono Boost)  
  41  6:41  Stalker  
  41  6:43  Stalker  
  47  6:51  Probe (Chrono Boost)  
  49  6:56  Probe (Chrono Boost)  
  49  6:57  Probe (Chrono Boost)  
  50  7:03  Probe  
  47  7:19  Stalker  
  47  7:20  Stalker x2  
  53  7:29  Pylon, Probe x2  
  55  7:32  Stalker x2  
  59  7:41  Stalker  
  59  7:43  Adept  
  63  7:52  Adept x2  
  63  8:01  Adept x2  
  59  8:08  Adept  
  58  8:16  Probe x2  
  60  8:22  Pylon  
  60  8:28  Probe  
  60  8:30  Stalker x2  
  60  8:31  Adept x2  
  64  8:49  Adept  
  64  8:50  Probe (Chrono Boost)  
  68  8:56  Probe (Chrono Boost)  
  60  9:03  Nexus  
  60  9:04  Adept x2  
  60  9:07  Sentry  
  56  9:24  Stalker x2  
  56  9:27  Adept  
  56  9:28  Zealot  
Tags
 
Add a new tag
Caveats
  • Supply blocks, unpowered buildings, or Contaminate may cause inaccurate times.
  • Supply counts are checked every 10 seconds.